Map: Arctic Dream LE

Players

Sebien

  • Race: Protoss Protoss
  • Spawn Location: 11:00

JPB

  • Race: Zerg Zerg
  • Spawn Location: 12:00

FishSangwich - Winner!

  • Race: Protoss Protoss
  • League: Gold
  • Spawn Location: 5:00

Rufus - Winner!

  • Race: Zerg Zerg
  • League: Diamond
  • Spawn Location: 6:00

VOD

Have the link to the VOD?

Description

secret replay

Time

  • Played on: March 15, 2021, 4:15 p.m.
  • Length: 13:16
Show
View Real Time Build Order
Export as new Build Order

Sebien Protoss 

Build Orders: Cannon Rush, Carriers 

Get SALT Encoding   

  12  0:01  Probe (Chrono Boost)  
  13  0:10  Probe (Chrono Boost)  
  14  0:15  Probe (Chrono Boost)  
  15  0:22  Pylon  
  15  0:40  Forge  
  15  0:48  Gateway  
  15  0:52  Probe  
  16  1:12  Pylon  
  16  1:19  Probe (Chrono Boost)  
  17  1:31  Probe (Chrono Boost)  
  18  1:33  Photon Cannon  
  18  1:36  Probe (Chrono Boost)  
  19  1:41  Photon Cannon  
  19  1:47  Photon Cannon  
  19  1:59  Photon Cannon  
  19  2:04  Pylon  
  19  2:13  Assimilator  
  19  2:15  Assimilator  
  19  2:17  Probe  
  20  2:31  Pylon  
  20  2:35  Probe  
  21  3:01  Cybernetics Core  
  21  3:09  Nexus  
  21  3:14  Probe (Chrono Boost)  
  22  3:23  Probe (Chrono Boost)  
  23  3:43  Probe (Chrono Boost)  
  24  3:52  Stargate  
  24  3:54  Probe (Chrono Boost)  
  25  3:59  Probe (Chrono Boost), Stargate  
  26  4:09  Pylon  
  26  4:10  Probe  
  27  4:19  Assimilator  
  27  4:21  Probe  
  27  4:22  Probe  
  27  4:23  Assimilator  
  29  4:38  Probe x2  
  31  4:43  Protoss Air Weapons Level 1  
  31  4:50  Probe x2  
  33  4:57  Void Ray (Chrono Boost)  
  33  4:59  Void Ray (Chrono Boost)  
  37  5:02  Probe x2  
  43  5:15  Probe x2  
  45  5:27  Void Ray  
  45  5:29  Void Ray  
  53  5:40  Probe x2  
  55  5:52  Probe x2  
  57  6:05  Void Ray  
  57  6:06  Probe x2, Void Ray  
  68  6:18  Probe x2  
  68  6:19  Pylon x2  
  69  6:34  Nexus  
  69  6:51  Fleet Beacon  
  69  6:53  Protoss Air Armor Level 1 (Chrono Boost)  
  68  7:36  Pylon  
  68  7:37  Pylon  
  68  7:38  Pylon  
  68  7:43  Stargate  
  68  7:54  Probe (Chrono Boost), Assimilator  
  69  8:00  Assimilator  
  69  8:04  Probe (Chrono Boost)  
  70  8:10  Probe (Chrono Boost)  
  71  8:14  Mothership (Chrono Boost)  
  79  8:23  Carrier x2  
  79  8:27  Carrier, Probe (Chrono Boost)  
  99  8:35  Probe (Chrono Boost)  
  100  8:42  Probe (Chrono Boost)  
  100  8:48  Protoss Air Weapons Level 2 (Chrono Boost), Probe (Chrono Boost)  
  102  9:05  Probe (Chrono Boost)  
  102  9:12  Probe (Chrono Boost)  
  104  9:29  Probe (Chrono Boost)  
  104  9:36  Probe (Chrono Boost)  
  105  9:40  Pylon  
  105  9:41  Pylon  
  105  9:43  Pylon x2  
  105  9:44  Pylon  
  105  9:46  Pylon  
  105  9:48  Probe  
  106  9:58  Carrier  
  124  10:00  Carrier x2, Probe  
  125  10:38  Robotics Facility  
  125  10:45  Cybernetics Core  
  125  10:59  Probe (Chrono Boost)  
  125  11:02  Carrier  
  125  11:04  Carrier x2  
  144  11:09  Probe (Chrono Boost)  
  145  11:14  Probe (Chrono Boost)  
  146  11:26  Probe  
  147  11:38  Probe  
Show
View Real Time Build Order
Export as new Build Order

JPB Zerg 

Build Orders: Hatch First 

Get SALT Encoding   

  12  0:02  Drone  
  13  0:32  Hatchery  
  12  0:35  Drone  
  13  0:44  Overlord  
  13  0:48  Drone  
  14  1:06  Spawning Pool  
  13  1:14  Drone x2  
  13  1:16  Drone  
  16  1:20  Extractor  
  16  1:24  Extractor  
  14  1:25  Drone  
  15  1:45  Drone  
  16  1:52  Drone  
  17  1:56  Drone x2  
  17  1:57  Queen  
  17  2:00  Drone  
  22  2:11  Spine Crawler  
  22  2:15  Drone  
  22  2:20  Drone  
  23  2:23  Drone  
  24  2:34  Spine Crawler  
  23  2:42  Queen  
  25  2:49  Drone  
  25  2:50  Drone  
  27  3:01  Drone  
  28  3:06  Extractor  
  28  3:11  Spine Crawler  
  26  3:13  Drone x2  
  26  3:18  Spine Crawler  
  25  3:35  Drone x2  
  26  3:42  Extractor  
  26  3:44  Drone x3  
  26  3:46  Overlord  
  28  3:59  Overlord  
  28  4:01  Lair  
  28  4:11  Drone x2  
  30  4:20  Drone x2  
  30  4:21  Drone  
  33  4:25  Spore Crawler  
  32  4:36  Drone x3  
  35  4:41  Drone x2  
  37  4:51  Drone x3  
  40  4:57  Overlord  
  40  5:17  Spire  
  40  5:19  Drone  
  40  5:23  Drone x4  
  40  5:24  Drone x2  
  46  5:46  Drone x3  
  49  5:57  Drone  
  49  5:59  Hatchery  
  49  6:07  Overlord  
  49  6:08  Overlord x4  
  49  6:22  Spore Crawler  
  48  6:30  Mutalisk  
  48  6:31  Mutalisk x5  
  48  6:32  Mutalisk  
  62  6:33  Mutalisk  
  62  6:36  Mutalisk  
  66  6:50  Mutalisk x4  
  66  6:54  Zerg Flyer Weapons Level 1  
  74  7:12  Queen  
  76  7:17  Overlord x3  
  76  7:22  Mutalisk  
  76  7:23  Mutalisk x4  
  76  7:27  Drone x2  
  88  7:30  Drone x2  
  88  7:32  Drone  
  88  7:36  Drone  
  92  7:47  Extractor  
  91  7:57  Extractor  
  90  8:03  Mutalisk x6  
  90  8:04  Mutalisk x3  
  108  8:12  Drone x2  
  110  8:17  Drone x2  
  110  8:18  Drone x4  
  116  8:38  Mutalisk x3  
  116  8:41  Overlord x4  
  106  9:51  Corruptor x2  
  106  9:52  Mutalisk, Corruptor  
  112  9:53  Mutalisk x7  
  125  10:02  Overseer x2  
  125  10:12  Pneumatized Carapace  
  125  10:37  Spore Crawler  
  124  10:46  Spore Crawler  
  123  10:50  Spine Crawler  
  122  10:59  Hatchery  
  51  12:10  Mutalisk x4  
  51  12:11  Mutalisk x2  
  55  12:43  Mutalisk x5  
Show
View Real Time Build Order
Export as new Build Order

FishSangwich Protoss - Winner!

Build Orders: Zealot Archon 

Get SALT Encoding   

  12  0:00  Probe  
  13  0:12  Probe  
  14  0:17  Pylon  
  14  0:26  Probe  
  15  0:39  Gateway  
  15  0:44  Probe  
  15  0:47  Assimilator  
  16  0:56  Probe  
  17  1:08  Probe  
  18  1:20  Probe  
  19  1:29  Cybernetics Core  
  19  1:36  Probe  
  20  1:47  Nexus  
  20  1:50  Assimilator  
  20  1:54  Pylon  
  20  1:59  Probe  
  21  2:01  Pylon  
  21  2:05  Stalker  
  21  2:06  Warp Gate (Chrono Boost)  
  23  2:24  Probe  
  24  2:32  Gateway  
  24  2:37  Shield Battery  
  24  2:40  Gateway  
  24  3:00  Stalker  
  24  3:02  Probe (Chrono Boost)  
  24  3:03  Probe (Chrono Boost)  
  29  3:14  Probe (Chrono Boost)  
  29  3:15  Probe (Chrono Boost)  
  29  3:19  Probe (Chrono Boost)  
  31  3:36  Twilight Council  
  31  3:40  Robotics Facility  
  31  3:41  Probe x2  
  33  3:49  Pylon  
  33  3:50  Stalker x2  
  37  4:06  Probe x2  
  37  4:08  Stalker  
  41  4:12  Charge (Chrono Boost)  
  41  4:18  Probe x2  
  43  4:26  Templar Archives  
  43  4:27  Assimilator  
  43  4:30  Probe x2  
  45  4:31  Assimilator  
  45  4:40  Observer  
  45  4:42  Probe x2  
  48  4:56  Probe x2  
  50  5:04  High Templar  
  52  5:12  High Templar  
  54  5:16  Archon  
  54  5:38  Blink (Chrono Boost)  
  54  5:39  Observer  
  54  5:42  Probe x2  
  57  5:47  Pylon  
  57  5:49  Pylon  
  57  5:52  Pylon  
  57  5:59  Stalker  
  57  6:00  Stalker  
  61  6:09  Dark Shrine  
  61  6:11  Zealot  
  61  6:14  Nexus  
  61  6:17  Pylon  
  61  6:18  Gateway  
  63  6:19  Pylon  
  63  6:25  Gateway  
  63  6:26  Gateway  
  63  6:30  Gateway  
  63  6:33  Gateway  
  63  6:39  Forge  
  63  6:45  Forge  
  63  6:52  Stalker x3  
  69  7:04  Probe x2  
  71  7:11  Pylon  
  71  7:13  Protoss Ground Weapons Level 1 (Chrono Boost), Pylon  
  71  7:16  High Templar x4, Probe x2  
  81  7:24  Archon x2  
  81  7:32  Stalker  
  81  7:33  Stalker x3  
  89  7:41  Gateway  
  89  7:50  Probe  
  89  7:51  Probe x2  
  92  7:55  Shield Battery  
  92  7:57  Shield Battery x2  
  92  8:16  Zealot x2  
  92  8:17  Zealot x5  
  106  8:24  Probe (Chrono Boost)  
  106  8:25  Probe x2 (Chrono Boost)  
  109  8:34  Protoss Ground Armor Level 1 (Chrono Boost), Psionic Storm  
  109  8:36  Probe x2 (Chrono Boost)  
  109  8:37  Probe (Chrono Boost)  
  112  8:41  Probe (Chrono Boost)  
  112  8:45  Pylon  
  113  8:49  Photon Cannon, Probe  
  113  8:50  Probe x2  
  116  9:00  Dark Templar x2  
  120  9:03  Dark Templar  
  120  9:07  Dark Templar  
  120  9:08  Probe x2  
  127  9:10  Probe  
  127  9:13  Dark Templar  
  129  9:25  Shield Battery  
  129  9:27  Assimilator  
  129  9:31  Assimilator  
  129  9:43  Probe x3  
  132  9:54  Nexus  
  132  9:57  Pylon x2  
  132  9:59  Pylon  
  132  10:00  Probe  
  132  10:01  Probe x2  
  135  10:13  Probe  
  136  10:29  Photon Cannon x2  
  136  10:31  Photon Cannon  
  136  10:35  Photon Cannon, Probe x3  
  139  10:37  Photon Cannon  
  139  10:38  Stalker  
  139  10:39  Stalker x7, Shield Battery  
  139  10:42  Protoss Ground Weapons Level 2 (Chrono Boost), Protoss Ground Armor Level 2 (Chrono Boost)  
  155  10:49  High Templar  
  157  11:06  Pylon  
  157  11:08  Pylon  
  122  11:28  Stalker x2  
  122  11:29  Stalker x7  
  106  11:35  Gateway  
  77  11:59  Stalker x9  
  95  12:04  Probe, Assimilator  
  95  12:05  Probe x3  
  95  12:08  Assimilator  
  99  12:26  Probe x4  
  103  12:36  High Templar x4  
  111  13:11  Stalker x8  
Show
View Real Time Build Order
Export as new Build Order

Rufus Zerg - Winner!

Build Orders: Hatch First 

Get SALT Encoding   

  12  0:00  Drone  
  13  0:12  Overlord  
  13  0:17  Drone  
  14  0:30  Drone  
  14  0:31  Drone  
  16  0:50  Hatchery  
  16  0:55  Drone  
  16  0:56  Drone  
  17  0:58  Drone  
  18  1:10  Extractor  
  17  1:15  Spawning Pool  
  17  1:17  Drone  
  17  1:20  Drone  
  18  1:29  Drone  
  19  1:42  Drone  
  20  1:50  Overlord  
  20  2:02  Queen x2  
  20  2:04  Zergling x4  
  26  2:23  Drone  
  26  2:27  Hatchery  
  26  2:28  Drone x2  
  28  2:34  Drone x2  
  30  2:52  Drone  
  30  2:56  Overlord  
  29  3:11  Overlord  
  29  3:14  Queen  
  31  3:22  Drone x3  
  34  3:30  Drone  
  35  3:38  Drone  
  35  3:40  Queen  
  37  3:42  Drone  
  37  3:45  Metabolic Boost  
  37  3:47  Drone  
  39  3:50  Drone  
  39  3:51  Drone x2  
  42  3:58  Drone x2  
  42  4:00  Lair  
  44  4:03  Drone  
  44  4:04  Extractor  
  44  4:10  Drone  
  44  4:13  Drone x2  
  44  4:14  Evolution Chamber  
  44  4:15  Roach Warren  
  45  4:18  Extractor  
  45  4:19  Extractor  
  43  4:28  Drone x6  
  49  4:36  Overlord  
  49  4:39  Spore Crawler  
  49  4:41  Drone x4  
  52  4:55  Drone x2  
  52  4:56  Drone x3  
  57  5:10  Hydralisk Den  
  57  5:12  Zerg Missile Weapons Level 1  
  56  5:16  Spore Crawler  
  56  5:18  Drone x6, Spore Crawler  
  60  5:40  Muscular Augments  
  60  5:42  Overlord x3  
  60  5:48  Hatchery  
  59  6:06  Hydralisk  
  59  6:10  Hydralisk x7  
  75  6:14  Glial Reconstitution  
  75  6:19  Overlord x3  
  75  6:37  Spore Crawler  
  74  6:42  Hydralisk  
  74  6:43  Hydralisk x5  
  86  6:52  Grooved Spines  
  86  6:53  Hydralisk x4  
  94  7:01  Evolution Chamber  
  89  7:30  Infestation Pit  
  89  7:31  Drone x6  
  89  7:33  Hatchery, Drone x3, Queen  
  98  7:43  Drone x2  
  100  7:47  Drone  
  101  7:55  Hydralisk x2  
  101  7:57  Zergling x2  
  106  8:00  Zerg Missile Weapons Level 2  
  106  8:01  Zerg Ground Armor Level 1  
  106  8:07  Pathogen Glands  
  106  8:16  Extractor x2  
  106  8:17  Drone x3, Spore Crawler  
  106  8:19  Overlord x6  
  106  8:20  Overlord  
  105  8:48  Spore Crawler  
  104  8:57  Infestor x6, Spore Crawler  
  104  9:01  Drone x10  
  125  9:04  Spore Crawler  
  125  9:05  Drone  
  125  9:06  Drone, Spore Crawler  
  125  9:08  Drone, Spore Crawler  
  125  9:18  Burrow  
  125  9:29  Queen  
  123  9:59  Queen  
  123  10:01  Drone x12  
  137  10:14  Spore Crawler  
  137  10:15  Spore Crawler x2  
  137  10:16  Spore Crawler  
  137  10:18  Roach  
  137  10:19  Roach x6  
  147  10:29  Hydralisk x6  
  159  10:37  Hydralisk x4  
  167  10:44  Overlord  
  167  10:45  Overlord x4  
  167  10:47  Extractor  
  167  10:49  Hive, Extractor  
  165  10:50  Zerg Ground Armor Level 2  
  165  10:51  Infestor x5  
  165  10:52  Infestor  
  165  11:04  Infestor x5  
  165  11:05  Infestor  
  165  11:08  Hydralisk x14  
  193  11:16  Infestor x6  
  193  11:24  Overseer x3  
  191  11:35  Hydralisk x7  
  191  11:53  Infestor x6  
  181  11:55  Hydralisk x9  
  181  11:59  Infestor x2  
  181  12:00  Infestor x4  
  193  12:02  Roach x2  
  189  13:08  Ultralisk Cavern  
Tags
 
Add a new tag
Caveats
  • Supply blocks, unpowered buildings, or Contaminate may cause inaccurate times.
  • Supply counts are checked every 10 seconds.